[Event "Titled Tuesday Blitz June 21 Early 2022"]
[White "Stribuk, Artiom"]
[Black "Jaracz, Pawel"]
[WhiteFideId "13515659"]
[BlackFideId "1102222"]
[WhiteElo "2259"]
[BlackElo "2459"]
[Result "0-1"]
[Round "06"]
[TimeControl "180+1"]
[Date "2022.06.21"]
[WhiteClock "0:00:03"]
[BlackClock "0:00:04"]

1. d4 Nf6 2. c4 g6 3. Nc3 d5 4. cxd5 Nxd5 5. e4 Nxc3 6. bxc3 Bg7 7. Nf3 c5 8. Rb1 O-O 9. Be2 cxd4 10. cxd4 b6 11. O-O Bb7 12. Qd3 Nd7 13. e5 Nb8 14. h4 Ba6 15. Qe4 Bxe2 16. Qxe2 Nc6 17. Rd1 Qd5 18. h5 Rfd8 19. h6 Bf8 20. Bg5 Qe6 21. Rbc1 Rd5 22. Be3 Na5 23. Ng5 Qf5 24. g4 Qd7 25. Qf3 f6 26. e6 Qb7 27. Ne4 Rad8 28. Rd3 b5 29. Rdc3 Nc4 30. a4 a6 31. axb5 axb5 32. Rxc4 bxc4 33. Rxc4 Qa6 34. Nxf6+ exf6 35. Qxf6 Qb7 36. Bg5 Re8 37. Rc3 Rb5 38. Rf3 Rb1+ 39. Kh2 Bd6+ 40. Kg2 Rf8 41. Qg7+ Qxg7 42. hxg7 Rxf3 43. Kxf3 Re1 44. d5 Kxg7 45. Be3 Kf6 46. Ke4 h5 47. g5+ Ke7 48. Kf3 Rd1 49. Ke4 h4 50. Bd4 Rxd4+ 51. Kxd4 h3 0-1


[Site "https://www.chess.com"]

[Event "Titled Tuesday Blitz June 21 Early 2022"]
[White "Sukandar, Irine Kharisma"]
[Black "Aradhya, Garg"]
[WhiteFideId "7101937"]
[BlackFideId "25006746"]
[WhiteElo "2293"]
[BlackElo "2203"]
[Result "1-0"]
[Round "06"]
[TimeControl "180+1"]
[Date "2022.06.21"]
[WhiteClock "0:00:33"]
[BlackClock "0:00:34"]

1. d4 d5 2. Nc3 Nf6 3. Bf4 Bf5 4. Nb5 Na6 5. e3 c6 6. Nc3 Qb6 7. Na4 Qa5+ 8. Nc3 e6 9. a3 Be7 10. f3 O-O 11. g4 Bg6 12. h4 h6 13. Bd3 Bxd3 14. Qxd3 c5 15. Ne2 c4 16. Qd2 Nd7 17. h5 b5 18. O-O Nab8 19. Qe1 Nc6 20. Qg3 Qb6 21. g5 hxg5 22. Bxg5 Qb8 23. Bf4 Qd8 24. h6 g6 25. Kg2 Kh7 26. Rh1 Nf6 27. Bg5 Rg8 28. Bxf6 Bxf6 29. Nf4 Rb8 30. Nce2 a5 31. Nh3 b4 32. a4 Be7 33. Rag1 c3 34. b3 g5 35. Nc1 Rg6 36. Nd3 Bd6 37. Qg4 f5 38. Qh5 Qf6 39. Kf1 Rbg8 40. f4 gxf4 41. Ndxf4 Rxh6 42. Ng5+ Rxg5 43. Rxg5 Bf8 44. Rg6 Qxg6 45. Qxg6+ Kh8 46. Rxh6+ Bxh6 47. Qxh6+ Kg8 48. Nxe6 Kf7 49. Ng5+ Ke7 50. Qxc6 Kf8 51. Qf6+ Kg8 52. Qf7+ Kh8 53. Qh7# 1-0


[Site "https://www.chess.com"]

[Event "Titled Tuesday Blitz June 21 Early 2022"]
[White "Svane, Frederik"]
[Black "Cherniaiev, Tykhon"]
[WhiteFideId "12923044"]
[BlackFideId "14182360"]
[WhiteElo "2459"]
[BlackElo "2289"]
[Result "1/2-1/2"]
[Round "06"]
[TimeControl "180+1"]
[Date "2022.06.21"]
[WhiteClock "0:00:08"]
[BlackClock "0:00:05"]

1. e4 c5 2. Nf3 e6 3. c3 d5 4. e5 d4 5. Na3 Nc6 6. Bd3 g6 7. O-O Bg7 8. Nc4 Nge7 9. Nd6+ Kf8 10. Re1 Nxe5 11. Nxe5 Qxd6 12. Nc4 Qc7 13. b4 cxb4 14. cxb4 Bd7 15. Ba3 b5 16. Na5 Nd5 17. Rc1 Qb6 18. Be4 Bf6 19. Qf3 Kg7 20. Bxd5 exd5 21. Qxd5 Be6 22. Qf3 Rac8 23. Bb2 Bxa2 24. Nc6 Rhe8 25. Rxe8 Rxe8 26. Qxf6+ Kxf6 27. Bxd4+ Qxd4 28. Nxd4 Bc4 29. Ra1 Re4 30. Ra6+ Kg7 31. Nf3 Be2 32. d4 Bxf3 33. gxf3 Rxd4 34. Rxa7 Rxb4 35. Rb7 Rb1+ 36. Kg2 b4 37. Rb6 Kf8 38. Rb7 Ke8 39. h4 b3 40. f4 Kd8 41. Rxf7 Kc8 42. Rf8+ Kc7 43. Rf7+ Kc6 44. Rf8 Kd5 45. f5 gxf5 46. Rxf5+ Kd4 47. Rb5 Kc3 48. Rc5+ Kb4 49. Rc7 h5 50. Rb7+ Kc3 51. Rc7+ Kd2 52. Rd7+ Kc2 53. Rc7+ Kb2 54. Rc5 Rc1 55. Rxh5 Rc4 56. Kg3 Kc2 57. Rb5 b2 58. f3 b1=Q 59. Rxb1 Kxb1 60. h5 Kc2 61. f4 Kd3 62. Kg4 Ke4 63. h6 Rc1 64. Kg5 Rg1+ 65. Kf6 Kxf4 66. h7 Rh1 67. Kg7 Kg5 68. h8=Q Rxh8 69. Kxh8 1/2-1/2


[Site "https://www.chess.com"]

[Event "Titled Tuesday Blitz June 21 Early 2022"]
[White "Svane, Rasmus"]
[Black "Heinemann, Josefine"]
[WhiteFideId "4657101"]
[BlackFideId "12900460"]
[WhiteElo "2674"]
[BlackElo "2300"]
[Result "0-1"]
[Round "06"]
[TimeControl "180+1"]
[Date "2022.06.21"]
[WhiteClock "0:00:12"]
[BlackClock "0:00:30"]

1. Nf3 d5 2. g3 Nf6 3. Bg2 g6 4. O-O Bg7 5. d4 O-O 6. c3 a5 7. a4 Bf5 8. Nbd2 Ne4 9. Nh4 Nxd2 10. Bxd2 Be6 11. Qb3 b6 12. Rfe1 c6 13. Qc2 Nd7 14. e4 dxe4 15. Bxe4 Rc8 16. Bg2 Nf6 17. Nf3 Bd5 18. Bf4 Nh5 19. Bg5 Nf6 20. Qe2 e6 21. h4 h6 22. Bf4 Nh5 23. Be3 c5 24. Red1 Qe7 25. Ne5 Bxg2 26. Kxg2 Qc7 27. Qf3 cxd4 28. cxd4 Nf6 29. Rac1 Qe7 30. Nc6 Qd7 31. Rc4 Nd5 32. Rdc1 h5 33. Bf4 Kh7 34. b3 Rfe8 35. Be5 Bh6 36. R1c2 Rf8 37. Bf6 Rce8 38. Bg5 Bxg5 39. hxg5 Qd6 40. Ne5 Qe7 41. Rc6 Kg7 42. Nc4 Qxg5 43. Nxb6 h4 44. Nxd5 exd5 45. R6c5 hxg3 46. Rxd5 Qh6 47. Qxg3 Rh8 48. Kf3 0-1


[Site "https://www.chess.com"]

[Event "Titled Tuesday Blitz June 21 Early 2022"]
[White "Tan, Zhongyi"]
[Black "Parkhov, Yair"]
[WhiteFideId "8603642"]
[BlackFideId "2813408"]
[WhiteElo "2748"]
[BlackElo "2567"]
[Result "1/2-1/2"]
[Round "06"]
[TimeControl "180+1"]
[Date "2022.06.21"]
[WhiteClock "0:00:10"]
[BlackClock "0:00:21"]

1. e4 e5 2. Nf3 Nc6 3. Bb5 Nf6 4. O-O Nxe4 5. Re1 Nd6 6. Nxe5 Be7 7. Bf1 O-O 8. d4 Nf5 9. d5 Nxe5 10. Rxe5 d6 11. Re1 Bg5 12. Nc3 Bxc1 13. Qxc1 Bd7 14. a4 a6 15. a5 Ne7 16. Ra3 Ng6 17. Rb3 Rb8 18. Ne4 h6 19. Rbe3 Re8 20. Qd2 f5 21. Nc3 Qf6 22. Rxe8+ Rxe8 23. Rxe8+ Bxe8 24. Qe3 Qd8 25. Bd3 Bd7 26. f4 Qe7 27. Qxe7 Nxe7 28. Kf2 Kf7 29. Ke3 Kf6 30. Kd4 g5 31. Ne2 Ng6 32. g3 Ne7 33. c4 c5+ 34. Kc3 Be8 35. b4 cxb4+ 36. Kxb4 Bh5 37. Nd4 gxf4 38. gxf4 Be8 39. Ne6 Bd7 40. Nd4 Ng6 41. Ne2 Ne7 42. Kc3 h5 43. Kd4 h4 44. c5 Nc8 45. h3 Ke7 46. Ng1 Bb5 47. Bxf5 dxc5+ 48. Kxc5 Nd6 49. Be6 Nc4 50. f5 Nxa5 51. d6+ Kf6 52. Nf3 Nc6 53. Kb6 Nd8 54. d7 Ke7 55. Kc7 a5 56. Nd4 Ba4 57. f6+ Kxf6 58. Kxd8 Ke5 59. Nf3+ Kxe6 60. Ng5+ Kd6 61. Nf7+ Ke6 62. Ng5+ Kf5 63. Nf3 Kf6 64. Kc7 Bxd7 65. Kxd7 a4 66. Kd6 a3 67. Nd2 a2 68. Nb3 Kf5 69. Kd5 Kf4 70. Kd4 Kg3 71. Ke3 Kxh3 72. Kf3 b5 73. Na1 Kh2 74. Kf2 Kh3 75. Kf3 Kh2 76. Kf2 Kh1 77. Kf1 h3 78. Kf2 Kh2 79. Nb3 b4 80. Na1 Kh1 81. Nb3 Kh2 82. Na1 Kh1 83. Nb3 h2 84. Na1 b3 85. Nxb3 a1=Q 86. Nxa1 1/2-1/2


[Site "https://www.chess.com"]

[Event "Titled Tuesday Blitz June 21 Early 2022"]
[White "Tanaka, Taira Tyler"]
[Black "Gabrielian, Artur"]
[WhiteFideId "7002351"]
[BlackFideId "4131002"]
[WhiteElo "2561"]
[BlackElo "2440"]
[Result "0-1"]
[Round "06"]
[TimeControl "180+1"]
[Date "2022.06.21"]
[WhiteClock "0:00:33"]
[BlackClock "0:01:36"]

1. Nf3 Nf6 2. g3 g6 3. b3 Bg7 4. Bb2 O-O 5. Bg2 d6 6. d4 b5 7. O-O Bb7 8. Nbd2 Nbd7 9. Re1 c5 10. e4 cxd4 11. Nxd4 Qb6 12. Qe2 a6 13. a4 e5 14. N4f3 Rac8 15. axb5 axb5 16. c4 b4 17. Bh3 Ra8 18. Red1 Nc5 19. Bg2 Nfxe4 20. Nxe4 Bxe4 21. Rxa8 Rxa8 22. Ng5 Bxg2 23. Kxg2 Qc6+ 24. Kg1 h6 25. Nf3 Ra2 26. Qc2 Qxf3 0-1


[Site "https://www.chess.com"]

[Event "Titled Tuesday Blitz June 21 Early 2022"]
[White "Tasev, Dejan"]
[Black "Samunenkov, Ihor"]
[WhiteFideId "936618"]
[BlackFideId "14187086"]
[WhiteElo "2532"]
[BlackElo "2701"]
[Result "1-0"]
[Round "06"]
[TimeControl "180+1"]
[Date "2022.06.21"]
[WhiteClock "0:00:23"]
[BlackClock "0:00:01"]

1. e4 c5 2. Nf3 Nc6 3. Nc3 g6 4. d4 cxd4 5. Nxd4 Bg7 6. Be3 Nf6 7. Bc4 O-O 8. Bb3 Re8 9. f3 d5 10. exd5 Nb4 11. Nde2 e6 12. O-O Nbxd5 13. Nxd5 Nxd5 14. Bd4 Bh6 15. Bxd5 Qxd5 16. Nc3 Qc6 17. Qe2 e5 18. Be3 Bg7 19. Rad1 Be6 20. Rf2 f5 21. Qb5 Rec8 22. Qxc6 Rxc6 23. Rfd2 Rac8 24. a3 a6 25. Rd8+ Kf7 26. Rxc8 Rxc8 27. f4 exf4 28. Bd4 Rd8 29. Bxg7 Rxd1+ 30. Nxd1 Kxg7 31. Kf2 Kf6 32. Nc3 Ke5 33. Ne2 Bd5 34. Nc3 Bc6 35. Nb1 g5 36. Nd2 g4 37. g3 fxg3+ 38. hxg3 f4 39. Nc4+ Kf5 40. Nd6+ Ke6 41. Nc4 h5 42. gxf4 h4 43. Ne3 g3+ 44. Kg1 h3 45. Nf1 h2+ 46. Nxh2 gxh2+ 47. Kxh2 Kf5 48. Kg3 Be4 49. c3 Bd5 50. a4 a5 51. b4 axb4 52. cxb4 Bb3 53. a5 Bc4 54. Kf3 Bb5 55. Ke3 Bf1 56. Kd4 Kxf4 57. Kc5 Ke5 58. Kb6 1-0


[Site "https://www.chess.com"]

[Event "Titled Tuesday Blitz June 21 Early 2022"]
[White "Thiel, Thomas"]
[Black "Escudero Donoso, Felipe"]
[WhiteFideId "4615964"]
[BlackFideId "3410595"]
[WhiteElo "2218"]
[BlackElo "2184"]
[Result "1-0"]
[Round "06"]
[TimeControl "180+1"]
[Date "2022.06.21"]
[WhiteClock "0:00:10"]
[BlackClock "0:00:02"]

1. e4 c5 2. Nc3 g6 3. d4 cxd4 4. Qxd4 Nf6 5. Bg5 Nc6 6. Qd2 Bg7 7. Bh6 O-O 8. O-O-O d6 9. Bc4 Ne5 10. Bb3 b5 11. Bxg7 Kxg7 12. Nxb5 Bb7 13. f3 a5 14. a4 Rc8 15. Ne2 Nc4 16. Bxc4 Rxc4 17. Nec3 Nd7 18. h4 h5 19. g4 hxg4 20. h5 Rh8 21. hxg6 fxg6 22. Qg5 Nf6 23. e5 Rxh1 24. Rxh1 dxe5 25. Qxe5 Bxf3 26. Re1 Kf8 27. b3 Rc8 28. Qg5 Kf7 29. Re3 Qd7 30. Kb2 Qf5 31. Qh4 g5 32. Qe1 Re8 33. Nd4 Qf4 34. Ne6 Qf5 35. Re5 Qg6 36. Nxg5+ Kg7 37. Ne6+ Kg8 38. Rg5 Kf7 39. Rxg6 Kxg6 40. Qe5 Rh8 41. Nf4+ Kf7 42. Qe6+ Ke8 43. Ng6 Rh7 44. Ne5 g3 45. Qc8# 1-0


[Site "https://www.chess.com"]

[Event "Titled Tuesday Blitz June 21 Early 2022"]
[White "Timofeev, Artyom"]
[Black "Grischuk, Alexander"]
[WhiteFideId "4140419"]
[BlackFideId "4126025"]
[WhiteElo "2578"]
[BlackElo "2762"]
[Result "1/2-1/2"]
[Round "06"]
[TimeControl "180+1"]
[Date "2022.06.21"]
[WhiteClock "0:00:06"]
[BlackClock "0:00:05"]

1. e4 e6 2. Qe2 c5 3. Nf3 Nc6 4. g3 g6 5. Bg2 Bg7 6. O-O d6 7. c3 e5 8. Na3 Nge7 9. Nc4 O-O 10. a4 h6 11. d3 Be6 12. Bd2 a5 13. Rae1 f5 14. exf5 Nxf5 15. h3 Kh8 16. Nh2 Bg8 17. Ng4 Qc7 18. Nce3 Nfe7 19. Nc4 Nf5 20. Nce3 Nfe7 21. Nc4 h5 22. Nh2 Rae8 23. Nf3 Nf5 24. Ng5 Qd8 25. h4 d5 26. Ne3 Nh6 27. Qd1 Qd6 28. Qb3 Rd8 29. Qb6 Ng4 30. Nxg4 hxg4 31. Be3 d4 32. Bc1 dxc3 33. bxc3 Qxd3 34. Qxb7 Nb8 35. Be4 Qd6 36. Qb1 Nd7 37. Bxg6 Rb8 38. Qd3 Qxd3 39. Bxd3 c4 40. Bc2 Rfd8 41. Ba3 Nb6 42. Ne4 Nd5 43. Rd1 Bh7 44. Kg2 Nxc3 45. Nxc3 Bxc2 46. Rxd8+ Rxd8 47. Rc1 Bd3 48. Bc5 e4 49. Bb6 Rb8 50. Bxa5 e3 51. fxe3 Rb2+ 52. Kg1 Be5 53. Nd1 Ra2 54. Bc3 Bxc3 55. Nxc3 Ra3 56. e4 Kg7 57. Kf2 Kf6 58. Ke3 Ke5 59. Kd2 Rb3 60. Ra1 Kd4 61. Nb5+ Kxe4 62. Nc3+ Kd4 63. Nb5+ Ke4 64. Nc3+ Kf3 65. a5 Rb2+ 66. Kd1 Rh2 67. Ra3 Ke3 68. Kc1 Kd4 69. a6 Rc2+ 70. Kd1 Rxc3 71. Rxc3 Kxc3 72. a7 Be4 73. Kc1 Kd4 74. h5 Ke5 75. h6 Kf6 76. Kd2 Kg6 77. Kc3 Kxh6 78. Kxc4 Kg5 79. Kd4 Ba8 80. Ke5 Bb7 81. Ke6 Ba8 82. Ke5 Bf3 83. Ke6 Kg6 84. Ke5 Kg5 85. Ke6 Bb7 86. Ke5 Ba8 87. Ke6 Bb7 88. Ke5 Bc6 89. Ke6 Ba8 90. Ke5 1/2-1/2


[Site "https://www.chess.com"]

[Event "Titled Tuesday Blitz June 21 Early 2022"]
[White "Tinmaz, Kerem"]
[Black "Manukian, Artak"]
[WhiteFideId "44559151"]
[BlackFideId "13301373"]
[WhiteElo "1443"]
[BlackElo "2466"]
[Result "0-1"]
[Round "06"]
[TimeControl "180+1"]
[Date "2022.06.21"]
[WhiteClock "0:00:02"]
[BlackClock "0:00:18"]

1. e4 c6 2. d4 d5 3. Nd2 dxe4 4. Nxe4 Nf6 5. Nxf6+ exf6 6. c3 Bd6 7. Bd3 Na6 8. Qc2 Nc7 9. Ne2 Nd5 10. Bd2 b5 11. b3 a5 12. O-O h5 13. c4 Nb4 14. Bxb4 axb4 15. cxb5 cxb5 16. Bxb5+ Kf8 17. Qc6 Rb8 18. Ng3 h4 19. Ne4 Be7 20. Nc5 h3 21. d5 hxg2 22. Rfe1 g5 23. d6 Qxd6 24. Qxd6 Bxd6 25. Ne4 Bxh2+ 26. Kxg2 Rxb5 27. Rh1 Bb7 28. f3 g4 29. Raf1 gxf3+ 30. Kxf3 f5 0-1


[Site "https://www.chess.com"]

[Event "Titled Tuesday Blitz June 21 Early 2022"]
[White "Tisaj, Domen"]
[Black "Gracia Alvarez, Gerardo Antonio"]
[WhiteFideId "14628708"]
[BlackFideId "5109124"]
[WhiteElo "2743"]
[BlackElo "2565"]
[Result "1/2-1/2"]
[Round "06"]
[TimeControl "180+1"]
[Date "2022.06.21"]
[WhiteClock "0:00:06"]
[BlackClock "0:00:14"]

1. d4 Nf6 2. c4 c5 3. d5 b5 4. cxb5 a6 5. f3 g6 6. e4 d6 7. Na3 Bg7 8. Ne2 O-O 9. Nc3 e6 10. Be2 exd5 11. exd5 axb5 12. Naxb5 Na6 13. O-O Nc7 14. Bf4 Bb7 15. Bxd6 Ncxd5 16. Bxf8 Qxf8 17. Nxd5 Nxd5 18. Qd2 Bc6 19. Nc3 Bd4+ 20. Kh1 Ne3 21. Rfe1 Qh6 22. Ne4 Be5 23. g3 Bxe4 24. fxe4 Bxg3 25. Bf3 Bxe1 26. Rxe1 Ng4 27. Qxh6 Nxh6 28. Ra1 Kf8 29. a4 Ra5 30. b3 Ke7 31. Rd1 f5 32. e5 Nf7 33. e6 Kxe6 34. Bd5+ Kf6 35. Bxf7 Kxf7 36. Rd7+ Kf6 37. Rxh7 c4 38. bxc4 Rxa4 39. Rc7 Ra2 40. Rc6+ Kg5 41. h4+ Kh5 42. Kg1 Rc2 43. Kf1 Kxh4 44. Rxg6 Rxc4 45. Kf2 Kh5 46. Rg8 Rb4 47. Kf3 Ra4 48. Rg1 Rb4 49. Rg8 Ra4 50. Rg1 Rb4 51. Ra1 Kg5 52. Rg1+ Kf6 53. Ra1 Ke5 54. Ra5+ Kf6 55. Ra6+ Kg5 56. Ra3 Rc4 57. Ra8 Rc3+ 58. Kf2 Kg4 59. Ra4+ f4 60. Ra2 Rf3+ 61. Kg2 Rg3+ 62. Kf2 Rc3 63. Kg2 Rb3 64. Rc2 Ra3 65. Rb2 Rc3 66. Ra2 Rh3 67. Ra8 f3+ 68. Kf2 Rh2+ 69. Kg1 Rg2+ 70. Kf1 Rc2 71. Rg8+ Kf4 72. Rf8+ Ke3 73. Re8+ Kf4 74. Rf8+ Kg3 75. Rg8+ Kh4 76. Rf8 Kg4 77. Rg8+ Kf4 78. Rf8+ 1/2-1/2


[Site "https://www.chess.com"]

[Event "Titled Tuesday Blitz June 21 Early 2022"]
[White "Tologon tegin, Semetei"]
[Black "Costachi, Mihnea"]
[WhiteFideId "13800574"]
[BlackFideId "1217518"]
[WhiteElo "2174"]
[BlackElo "2476"]
[Result "0-1"]
[Round "06"]
[TimeControl "180+1"]
[Date "2022.06.21"]
[WhiteClock "0:00:09"]
[BlackClock "0:01:10"]

1. e4 e5 2. Nf3 Nc6 3. Bc4 Bc5 4. O-O d6 5. d3 Nf6 6. c3 h6 7. h3 a6 8. a4 Ba7 9. Re1 O-O 10. Nbd2 Nh5 11. Nf1 Qf6 12. Be3 Nf4 13. Ng3 g5 14. d4 Ne7 15. dxe5 dxe5 16. Bxa7 Rxa7 17. Nh2 Ra8 18. Nh5 Qg6 19. Nxf4 gxf4 20. Kh1 Kh8 21. Nf3 Rg8 22. Rg1 Nc6 23. Bd5 Qf6 24. Qb3 Na5 25. Qb4 Nc6 26. Qc4 Be6 27. Rad1 Rg6 28. Qc5 Rag8 29. Bxc6 bxc6 30. Qxc6 Qg7 31. Qc5 f6 32. Nh4 Rg5 33. f3 Rg3 34. Nf5 Bxf5 35. exf5 Rxg2 36. a5 Qg3 0-1


[Site "https://www.chess.com"]

[Event "Titled Tuesday Blitz June 21 Early 2022"]
[White "Trakru, Rohun"]
[Black "Petrova, Irina"]
[WhiteFideId "2097613"]
[BlackFideId "14124122"]
[WhiteElo "1746"]
[BlackElo "1993"]
[Result "0-1"]
[Round "06"]
[TimeControl "180+1"]
[Date "2022.06.21"]
[WhiteClock "0:00:24"]
[BlackClock "0:00:44"]

1. d4 d6 2. e4 Nf6 3. Nc3 e5 4. Nf3 Nbd7 5. Bc4 Be7 6. dxe5 Nxe5 7. Nxe5 dxe5 8. Qe2 O-O 9. Bd2 c6 10. O-O-O b5 11. Bb3 a5 12. Be3 Qc7 13. a4 Ba6 14. axb5 cxb5 15. Nd5 Nxd5 16. Bxd5 b4 17. Qd2 Rac8 18. Kb1 a4 19. f4 a3 20. f5 axb2 21. g4 Qa5 22. Kxb2 Qa3+ 23. Kb1 Bc4 24. Bxc4 Rxc4 25. Qc1 b3 26. Qxa3 bxc2+ 27. Ka2 cxd1=Q 0-1


[Site "https://www.chess.com"]

[Event "Titled Tuesday Blitz June 21 Early 2022"]
[White "Tregubov, Pavel V."]
[Black "Pham, Le Thao Nguyen"]
[WhiteFideId "4115341"]
[BlackFideId "12401226"]
[WhiteElo "2341"]
[BlackElo "2282"]
[Result "1/2-1/2"]
[Round "06"]
[TimeControl "180+1"]
[Date "2022.06.21"]
[WhiteClock "0:00:26"]
[BlackClock "0:00:15"]

1. e4 c5 2. Nf3 e6 3. c3 d5 4. exd5 Qxd5 5. d4 Nc6 6. Be2 Nf6 7. O-O cxd4 8. cxd4 Be7 9. Nc3 Qd8 10. Be3 O-O 11. Ne5 Nb4 12. Bf3 Nbd5 13. Qb3 Bd6 14. Rad1 Rb8 15. Bg5 Qa5 16. Nc4 Qc7 17. Nxd6 Qxd6 18. Rfe1 Bd7 19. Nxd5 Nxd5 20. Bxd5 Qxd5 21. Qxd5 exd5 22. Re7 Bc6 23. f3 Rfe8 24. Kf2 f6 25. Rxe8+ Rxe8 26. Bf4 Kf7 27. g4 h5 28. h3 g5 29. Bd6 hxg4 30. hxg4 Kg6 31. b3 a6 32. a4 Re6 33. Bc5 Re8 34. Rh1 Kg7 35. Rc1 Rh8 36. Bd6 Re8 37. a5 Re6 38. Bg3 Re8 39. Rc5 Re6 40. b4 Re7 41. Rc2 Kg6 1/2-1/2


[Site "https://www.chess.com"]

[Event "Titled Tuesday Blitz June 21 Early 2022"]
[White "Vidonyak, Roman"]
[Black "Winkels, Marcel"]
[WhiteFideId "14100622"]
[BlackFideId "1003887"]
[WhiteElo "2373"]
[BlackElo "1900"]
[Result "1-0"]
[Round "06"]
[TimeControl "180+1"]
[Date "2022.06.21"]
[WhiteClock "0:01:41"]
[BlackClock "0:01:08"]

1. d4 f5 2. c4 Nf6 3. g3 g6 4. Bg2 Bg7 5. Nf3 d6 6. O-O O-O 7. Nc3 Qe8 8. b4 e5 9. dxe5 dxe5 10. e4 c6 11. Qb3 f4 12. Ba3 h6 13. b5 Rf7 14. Rfd1 g5 15. Bd6 Nbd7 16. c5 g4 17. Nh4 Nf8 18. Nf5 Bxf5 19. exf5 Kh7 20. Re1 f3 21. Bf1 N6d7 22. Bc4 Rxf5 23. Bd3 Qf7 24. Qxf7 1-0


[Site "https://www.chess.com"]

[Event "Titled Tuesday Blitz June 21 Early 2022"]
[White "Vifleemskaia, Svetlana"]
[Black "Kalaiyalahan, Akshaya"]
[WhiteFideId "4129490"]
[BlackFideId "422894"]
[WhiteElo "1929"]
[BlackElo "1913"]
[Result "1-0"]
[Round "06"]
[TimeControl "180+1"]
[Date "2022.06.21"]
[WhiteClock "0:01:57"]
[BlackClock "0:00:24"]

1. d4 d5 2. c4 c6 3. cxd5 cxd5 4. Bf4 Nc6 5. e3 Nf6 6. Nc3 e6 7. Bd3 Bd6 8. Bxd6 Qxd6 9. f4 O-O 10. Nf3 Bd7 11. O-O a6 12. Ne5 Nb4 13. Bb1 Ne8 14. a3 Nc6 15. Bxh7+ Kxh7 16. Qh5+ Kg8 17. Rf3 Nf6 18. Qh4 Rfe8 19. Rh3 Kf8 20. Qh8+ Ke7 21. Qxg7 Ng8 22. Nxf7 Qc7 23. Rh7 Rf8 24. Ne5+ Ke8 25. Nxd7 Nge7 26. Nxf8 1-0


[Site "https://www.chess.com"]

[Event "Titled Tuesday Blitz June 21 Early 2022"]
[White "Wagner, Dennis"]
[Black "Luo, Terry"]
[WhiteFideId "24650684"]
[BlackFideId "30931045"]
[WhiteElo "2706"]
[BlackElo "2536"]
[Result "1-0"]
[Round "06"]
[TimeControl "180+1"]
[Date "2022.06.21"]
[WhiteClock "0:00:30"]
[BlackClock "0:00:15"]

1. d4 Nf6 2. Nf3 e6 3. c4 d5 4. e3 Be7 5. b3 O-O 6. Bd3 c5 7. O-O Nc6 8. Bb2 cxd4 9. exd4 b6 10. Nbd2 Bb7 11. Rc1 Rc8 12. Qe2 a5 13. Rfd1 a4 14. Nf1 axb3 15. axb3 Na5 16. N1d2 Bb4 17. Bb1 Qe7 18. Qe3 Ba3 19. Bxa3 Qxa3 20. c5 bxc5 21. dxc5 Nd7 22. Ng5 h6 23. Qd3 g6 24. Nxf7 Kxf7 25. Qxg6+ Ke7 26. Re1 Rf6 27. Qg7+ Rf7 28. Rxe6+ Kxe6 29. Re1+ Ne5 30. Qxe5+ Kd7 31. Qd6# 1-0


[Site "https://www.chess.com"]

[Event "Titled Tuesday Blitz June 21 Early 2022"]
[White "Warchol, Kamil"]
[Black "Pappelis, Dimitrios"]
[WhiteFideId "21858241"]
[BlackFideId "4215281"]
[WhiteElo "1951"]
[BlackElo "1998"]
[Result "1-0"]
[Round "06"]
[TimeControl "180+1"]
[Date "2022.06.21"]
[WhiteClock "0:00:07"]
[BlackClock "0:00:59"]

1. e4 c5 2. Nf3 Nc6 3. Bb5 Nf6 4. e5 Nd5 5. Nc3 Nc7 6. Bxc6 dxc6 7. d3 g6 8. O-O Bg7 9. Re1 O-O 10. Ne4 Ne6 11. c3 b6 12. Be3 a5 13. Qd2 Ba6 14. Rad1 Re8 15. Bh6 Bh8 16. Nfg5 Qd7 17. Nxe6 Qxe6 18. d4 cxd4 19. cxd4 Rad8 20. Qf4 Qf5 21. Qxf5 gxf5 22. Ng3 e6 23. Bg5 Rd7 24. Nh5 Bc4 25. Re3 f6 26. Bxf6 Kf7 27. Rg3 Bxf6 28. Nxf6 Red8 29. Nxd7 Rxd7 30. b3 Bd5 31. f3 Ra7 32. Rd2 a4 33. b4 a3 34. Rh3 Kg6 35. f4 Ra4 36. Rdd3 Rxb4 37. Rxa3 Rb1+ 38. Kf2 Rb2+ 39. Ke1 Rxg2 40. Rag3+ Rxg3 41. Rxg3+ Kf7 42. a3 c5 43. dxc5 bxc5 44. Kd2 h5 45. Kc3 Ke7 46. Rh3 Kd7 47. Rxh5 Kc6 48. Rh8 Kd7 49. Rh7+ Ke8 50. h4 Kf8 51. h5 Kg8 52. Ra7 Kh8 53. h6 Kg8 54. Rc7 Kh8 55. Rxc5 Kh7 56. Rxd5 exd5 57. Kd4 Kxh6 58. Kxd5 Kh5 59. e6 Kg4 60. e7 Kxf4 61. e8=Q Kg4 62. Qe5 f4 63. a4 f3 64. a5 f2 65. Qf6 f1=Q 66. Qxf1 Kg3 67. a6 Kh2 68. a7 Kg3 69. a8=Q Kh2 70. Qh8+ Kg3 71. Qhh3# 1-0


[Site "https://www.chess.com"]

[Event "Titled Tuesday Blitz June 21 Early 2022"]
[White "Xiong, Jeffery"]
[Black "Steinberg, Nitzan"]
[WhiteFideId "2047640"]
[BlackFideId "2801795"]
[WhiteElo "2714"]
[BlackElo "2471"]
[Result "1-0"]
[Round "06"]
[TimeControl "180+1"]
[Date "2022.06.21"]
[WhiteClock "0:01:42"]
[BlackClock "0:01:27"]

1. d4 d5 2. Nf3 Nf6 3. Bf4 e6 4. e3 Bd6 5. Bd3 O-O 6. Nbd2 c5 7. dxc5 Bxc5 8. O-O Nc6 9. c4 Be7 10. h3 b6 11. Rc1 Bb7 12. Qe2 h6 13. Rfd1 Bd6 14. cxd5 Nxd5 15. Bxd6 Qxd6 16. Bb1 Qe7 17. Qd3 f5 18. e4 Nf4 19. Qe3 e5 20. exf5 Nd4 21. Nxd4 Nxg2 22. Qb3+ Kh8 23. Ne6 Nf4 24. Rc7 Qh4 25. Nxf4 1-0


[Site "https://www.chess.com"]

[Event "Titled Tuesday Blitz June 21 Early 2022"]
[White "Yaksin, Oleg"]
[Black "Ursan, Petru-Sebastian"]
[WhiteFideId "24105880"]
[BlackFideId "1227556"]
[WhiteElo "2256"]
[BlackElo "2066"]
[Result "0-1"]
[Round "06"]
[TimeControl "180+1"]
[Date "2022.06.21"]
[WhiteClock "0:00:24"]
[BlackClock "0:00:35"]

1. d4 d6 2. c4 e5 3. dxe5 dxe5 4. Qxd8+ Kxd8 5. Nc3 c6 6. b3 Bb4 7. Bb2 Kc7 8. O-O-O f6 9. g3 Ne7 10. Bg2 Be6 11. Ne4 Nf5 12. Nf3 Na6 13. g4 Nd6 14. Nxd6 Bxd6 15. h3 Rhd8 16. Nd2 Bc5 17. Ne4 Be7 18. a3 Nc5 19. Kc2 a5 20. e3 Nxe4 21. Bxe4 a4 22. b4 Bxc4 23. Rxd8 Rxd8 24. Bxh7 Bd5 25. Rh2 Bb3+ 26. Kc3 f5 27. e4 Bg5 28. f3 Be3 29. exf5 Bd4+ 30. Kd3 Bg1+ 31. Ke4 Bxh2 32. g5 Bc2+ 33. Ke3 Bf4+ 34. Ke2 Bxg5 35. Bxe5+ Kb6 36. Bxg7 Rd7 37. f6 Bxh7 38. f4 Bxf4 39. Kf3 Be5 40. Kg4 Rxg7+ 41. fxg7 Bxg7 42. h4 Kb5 43. h5 Kc4 44. h6 Bxh6 45. Kh5 Kb3 46. b5 Kxa3 47. bxc6 bxc6 48. Kxh6 Kb4 49. Kg7 c5 50. Kf6 c4 51. Ke5 c3 52. Kd5 Kb3 53. Ke5 a3 54. Kf4 c2 55. Ke3 Kb2 56. Kd4 c1=Q 57. Ke5 Qd2 58. Kf6 a2 59. Ke6 a1=R 60. Ke5 Ra3 61. Ke6 Bc2 62. Ke5 Qc3+ 63. Kf4 Ra4+ 64. Kg5 Qc5+ 65. Kh6 Ra6+ 66. Kg7 Qc7+ 67. Kh8 Rh6+ 68. Kg8 Rg6+ 69. Kh8 Qh2# 0-1


[Site "https://www.chess.com"]

[Event "Titled Tuesday Blitz June 21 Early 2022"]
[White "Yilmaz, Mustafa"]
[Black "Papasimakopoulos, Alexandros"]
[WhiteFideId "6302718"]
[BlackFideId "4244125"]
[WhiteElo "2568"]
[BlackElo "2340"]
[Result "1-0"]
[Round "06"]
[TimeControl "180+1"]
[Date "2022.06.21"]
[WhiteClock "0:01:18"]
[BlackClock "0:00:27"]

1. Nf3 f5 2. g3 Nf6 3. Bg2 g6 4. O-O Bg7 5. d3 O-O 6. Nbd2 Nc6 7. e4 e5 8. c3 d5 9. b4 a6 10. a4 h6 11. Rb1 fxe4 12. dxe4 dxe4 13. Nh4 Bf5 14. Nxf5 gxf5 15. Bh3 Nd5 16. b5 axb5 17. axb5 Na5 18. Qc2 e3 19. Nb3 exf2+ 20. Rxf2 Nxb3 21. Qxb3 f4 22. Be6+ Kh8 23. Qxd5 fxg3 24. hxg3 Qe7 25. Be3 Rfd8 26. Qc4 Rf8 27. Rbf1 Rxf2 28. Rxf2 Qd6 29. Qd5 Qe7 30. Rf7 Qa3 31. Bxh6 Qa1+ 32. Kg2 Qb2+ 33. Kh3 Rg8 34. Rxg7 Rxg7 35. Qxe5 Qxc3 36. Qxc3 b6 37. Qxg7# 1-0


[Site "https://www.chess.com"]